[Event "Titled Tuesday Blitz January 10 Early 2023"]
[White "Galchenko, Matvey"]
[Black "Svidler, Peter"]
[WhiteFideId "24175480"]
[BlackFideId "4102142"]
[WhiteElo "2438"]
[BlackElo "2683"]
[Result "0-1"]
[Round "04"]
[TimeControl "180+2"]
[Date "2023.01.10"]
[WhiteClock "0:00:02"]
[BlackClock "0:00:42"]

1. f4 d5 2. Nf3 g6 3. g3 Bg7 4. Bg2 c5 5. O-O Nc6 6. d3 Nf6 7. Nc3 d4 8. Na4 Qd6 9. c4 O-O 10. a3 Bd7 11. b4 b6 12. Rb1 Rac8 13. Bd2 Ng4 14. Ng5 f5 15. bxc5 bxc5 16. Rb7 Nd8 17. Rxa7 Bc6 18. Ra6 h6 19. Nf3 Ra8 20. Rxa8 Bxa8 21. Qb3 Ne6 22. Rb1 Ne3 23. Bxe3 dxe3 24. Qb5 Bc6 25. Qb3 g5 26. fxg5 hxg5 27. Nc3 g4 28. Ne1 Bxc3 29. Qxc3 Nd4 30. Rb2 f4 31. Bxc6 Qxc6 32. gxf4 Rxf4 33. Ng2 Rf2 34. Nxe3 Nxe2+ 35. Rxe2 Rxe2 36. Nd5 Qe6 37. Kf1 Rxh2 38. Nf4 Qf5 39. Qc1 Rh1+ 0-1


[Site "https://www.chess.com"]

[Event "Titled Tuesday Blitz January 10 Early 2023"]
[White "Eljanov, Pavel"]
[Black "Gareyev, Timur"]
[WhiteFideId "14102951"]
[BlackFideId "14200937"]
[WhiteElo "2705"]
[BlackElo "2617"]
[Result "0-1"]
[Round "04"]
[TimeControl "180+2"]
[Date "2023.01.10"]
[WhiteClock "0:00:29"]
[BlackClock "0:00:48"]

1. d4 d6 2. Nf3 Bf5 3. c4 Nf6 4. Nc3 g6 5. h3 Bg7 6. g4 Bd7 7. e4 e5 8. d5 a5 9. Be3 Na6 10. Nd2 Nc5 11. Be2 a4 12. a3 h5 13. g5 Nh7 14. h4 O-O 15. Qc2 b6 16. O-O-O f5 17. exf5 Bxf5 18. Nce4 Rf7 19. Bxc5 bxc5 20. Bd3 Nf8 21. Nf1 Bg4 22. Re1 Rf4 23. Ne3 Bf3 24. Rh3 Qd7 25. Rg3 Qf7 26. Nf6+ Bxf6 27. gxf6 e4 28. Be2 Qxf6 29. Bxf3 exf3 30. Kb1 Rb8 31. Ka2 Kh7 32. Reg1 Rxh4 33. Qxa4 Qxb2# 0-1


[Site "https://www.chess.com"]

[Event "Titled Tuesday Blitz January 10 Early 2023"]
[White "Harshavardhan G B"]
[Black "Vokhidov, Shamsiddin"]
[WhiteFideId "25059009"]
[BlackFideId "14204223"]
[WhiteElo "2408"]
[BlackElo "2586"]
[Result "1-0"]
[Round "04"]
[TimeControl "180+2"]
[Date "2023.01.10"]
[WhiteClock "0:00:36"]
[BlackClock "0:00:19"]

1. d4 Nf6 2. c4 e6 3. Nc3 Bb4 4. f3 d5 5. a3 Bxc3+ 6. bxc3 c6 7. e3 O-O 8. cxd5 cxd5 9. Bd3 b6 10. Ne2 Ba6 11. O-O Bxd3 12. Qxd3 Nc6 13. e4 h6 14. Ng3 e5 15. Nf5 Qd7 16. exd5 Nxd5 17. dxe5 Nxe5 18. Qxd5 Qxf5 19. f4 Rad8 20. Qxe5 Qc2 21. f5 Rfe8 22. Qg3 Rd3 23. Qg4 h5 24. Qxh5 Re2 25. Qg4 Kh7 26. f6 g6 27. Bf4 Re6 28. Rae1 Rxe1 29. Rxe1 Qxc3 30. Qh4+ Kg8 31. Re8# 1-0


[Site "https://www.chess.com"]

[Event "Titled Tuesday Blitz January 10 Early 2023"]
[White "Preotu, Razvan"]
[Black "Gholami Orimi, Mahdi"]
[WhiteFideId "2613280"]
[BlackFideId "12558486"]
[WhiteElo "2475"]
[BlackElo "2420"]
[Result "0-1"]
[Round "04"]
[TimeControl "180+2"]
[Date "2023.01.10"]
[WhiteClock "0:00:01"]
[BlackClock "0:00:39"]

1. e4 e5 2. Nf3 Nc6 3. Bc4 Nf6 4. d3 h6 5. c3 d6 6. a4 g6 7. a5 a6 8. O-O Bg7 9. Re1 O-O 10. h3 d5 11. exd5 Nxd5 12. Qb3 Nde7 13. Nbd2 Rb8 14. Ne4 Nf5 15. Qc2 Nh4 16. Nxh4 Qxh4 17. Be3 Nd8 18. Ra4 Bd7 19. Bc5 Re8 20. Raa1 Kh7 21. Qb3 f5 22. Nd2 Ne6 23. Ba3 Nf4 24. Nf3 Qh5 25. Re3 Bc6 26. Qd1 Rbd8 27. Kh2 e4 28. Nd4 Qxd1 29. Rxd1 Bxd4 30. cxd4 Rxd4 31. Rde1 Nxd3 32. Bxd3 Rxd3 33. b3 Red8 34. Bb2 Rd2 35. f3 Rxb2 0-1


[Site "https://www.chess.com"]

[Event "Titled Tuesday Blitz January 10 Early 2023"]
[White "Lenderman, Aleksandr"]
[Black "Gledura, Benjamin"]
[WhiteFideId "2021285"]
[BlackFideId "712779"]
[WhiteElo "2572"]
[BlackElo "2644"]
[Result "1-0"]
[Round "04"]
[TimeControl "180+2"]
[Date "2023.01.10"]
[WhiteClock "0:01:26"]
[BlackClock "0:01:25"]

1. Nf3 d5 2. e3 Bg4 3. c4 Bxf3 4. Qxf3 c6 5. Nc3 e6 6. d4 Nf6 7. g3 Bb4 8. Bd2 Nbd7 9. Qe2 Bxc3 10. Bxc3 Ne4 11. Rc1 Nxc3 12. Rxc3 O-O 13. Bg2 Qa5 14. a3 Nb6 15. b4 Qa4 16. c5 Nc4 17. O-O a5 18. bxa5 Rxa5 19. Rb1 Nxa3 20. Rxb7 Nb5 21. Rc1 Qb3 22. Bf1 Ra2 23. Qd1 Qb2 24. Qe1 Rfa8 25. Bxb5 cxb5 26. c6 h5 27. c7 Kh7 28. Kg2 Rc8 29. Rb8 Rxc7 30. Rxc7 Ra1 31. Qc3 1-0


[Site "https://www.chess.com"]

[Event "Titled Tuesday Blitz January 10 Early 2023"]
[White "Karthik Rajaa"]
[Black "Dominguez Perez, Leinier"]
[WhiteFideId "25035215"]
[BlackFideId "3503240"]
[WhiteElo "2276"]
[BlackElo "2739"]
[Result "1/2-1/2"]
[Round "04"]
[TimeControl "180+2"]
[Date "2023.01.10"]
[WhiteClock "0:00:22"]
[BlackClock "0:00:11"]

1. e4 Nf6 2. e5 Nd5 3. Nc3 Nxc3 4. dxc3 d6 5. Bc4 Nc6 6. Nf3 dxe5 7. Qxd8+ Nxd8 8. Nxe5 f6 9. Nd3 Be6 10. Bxe6 Nxe6 11. Be3 g6 12. Rd1 Bg7 13. Ke2 Kf7 14. c4 Rhd8 15. f4 Nd4+ 16. Bxd4 Rxd4 17. b3 Rad8 18. g3 f5 19. Nf2 Rxd1 20. Rxd1 Rxd1 21. Kxd1 e5 22. fxe5 Bxe5 23. Nd3 Bd6 24. Ke2 c5 25. Kf3 g5 26. h3 h5 27. g4 Kg6 28. Nf2 Be5 29. Nd3 Bd4 30. c3 Bg1 31. Kg2 Be3 32. Kf3 f4 33. Ne5+ Kf6 34. Ke4 hxg4 35. hxg4 Bd2 36. Nd7+ Ke7 37. Nxc5 b6 38. Nd3 Bxc3 39. Kf5 Bd4 40. Ke4 Bc3 41. Kf5 Bd4 42. Ke4 Bc3 1/2-1/2


[Site "https://www.chess.com"]

[Event "Titled Tuesday Blitz January 10 Early 2023"]
[White "Goltsev, Dmitry"]
[Black "Jones, Gawain C B"]
[WhiteFideId "24176710"]
[BlackFideId "409561"]
[WhiteElo "2269"]
[BlackElo "2618"]
[Result "1-0"]
[Round "04"]
[TimeControl "180+2"]
[Date "2023.01.10"]
[WhiteClock "0:01:13"]
[BlackClock "0:00:01"]

1. e4 e5 2. Nf3 Nc6 3. Bb5 a6 4. Ba4 Nf6 5. O-O d6 6. c3 Bd7 7. d4 g6 8. dxe5 Nxe5 9. Nxe5 dxe5 10. Bg5 Be7 11. Bxf6 Bxf6 12. Bxd7+ Qxd7 13. Qxd7+ Kxd7 14. Nd2 a5 15. Nc4 a4 16. Rfd1+ Ke6 17. Rd5 Rhd8 18. Rad1 Rxd5 19. exd5+ Kd7 20. d6 Ra6 21. dxc7+ Kxc7 22. Ne3 Rd6 23. Rxd6 Kxd6 24. Kf1 e4 25. Ke2 a3 26. Nc4+ Kd5 27. Nxa3 Bg5 28. Nc2 f5 29. Ne3+ Kc5 30. a4 Bf6 31. b4+ Kd6 32. c4 Bc3 33. Nd5 Be5 34. a5 Bd4 35. f3 exf3+ 36. gxf3 g5 37. h3 h5 38. Kd3 Bf2 39. Ne3 Be1 40. Nxf5+ Ke5 41. Nd4 Kf4 42. Nc2 Bf2 43. Ke2 Bg1 44. c5 Bh2 45. Nd4 Ke5 46. Kd3 Kd5 47. Ne2 Be5 48. Nc3+ Ke6 49. Ne4 Bf4 50. b5 Kd5 51. c6 bxc6 52. a6 Bb8 53. b6 1-0


[Site "https://www.chess.com"]

[Event "Titled Tuesday Blitz January 10 Early 2023"]
[White "Moroni, Luca Jr"]
[Black "Boyer, Mahel"]
[WhiteFideId "865834"]
[BlackFideId "45102422"]
[WhiteElo "2535"]
[BlackElo "2489"]
[Result "1-0"]
[Round "04"]
[TimeControl "180+2"]
[Date "2023.01.10"]
[WhiteClock "0:00:50"]
[BlackClock "0:00:01"]

1. d4 d5 2. Bf4 e6 3. e3 Bd6 4. Nf3 Bxf4 5. exf4 Ne7 6. Nbd2 c5 7. dxc5 Qc7 8. g3 Qxc5 9. c3 Qb6 10. Nb3 Nbc6 11. Bd3 a5 12. Qd2 O-O 13. O-O a4 14. Nbd4 Nxd4 15. Nxd4 Nc6 16. Nf3 a3 17. b3 Rd8 18. Rad1 Bd7 19. Rfe1 h6 20. Bb1 Ne7 21. Ne5 Rac8 22. Qd3 g6 23. h4 Bb5 24. Qf3 h5 25. g4 hxg4 26. Qxg4 Kg7 27. h5 Be8 28. Qh4 Nf5 29. Bxf5 1-0


[Site "https://www.chess.com"]

[Event "Titled Tuesday Blitz January 10 Early 2023"]
[White "Nakamura, Hikaru"]
[Black "Shipov, Sergei"]
[WhiteFideId "2016192"]
[BlackFideId "4113624"]
[WhiteElo "2775"]
[BlackElo "2541"]
[Result "1-0"]
[Round "04"]
[TimeControl "180+2"]
[Date "2023.01.10"]
[WhiteClock "0:01:10"]
[BlackClock "0:00:11"]

1. Nf3 d5 2. e3 Nf6 3. b3 Bg4 4. Bb2 Nbd7 5. d4 e6 6. Nbd2 c6 7. c4 Ne4 8. a3 f5 9. Be2 Bd6 10. b4 O-O 11. Qb3 Nxd2 12. Nxd2 Bxe2 13. Kxe2 Qg5 14. g3 Qh5+ 15. f3 Rae8 16. Raf1 Kh8 17. Kd1 b5 18. c5 Bc7 19. a4 a6 20. axb5 axb5 21. Kc2 e5 22. f4 e4 23. Kb1 Qe2 24. Bc1 Ra8 25. Re1 Qf2 26. Ref1 Qe2 27. Re1 Qf2 28. Qd1 Ra4 29. Re2 Rxb4+ 30. Bb2 Qxe2 31. Qxe2 Nf6 32. Kc2 Ra8 33. Ra1 Rxa1 34. Bxa1 Ra4 35. Bb2 h5 36. h3 Kh7 37. Kb1 Bd8 38. Nb3 Bc7 39. Bc3 Bd8 40. Kb2 Bc7 41. Qe1 Kh6 42. Ba5 Bb8 43. Bd8 Nd7 44. g4 fxg4 45. hxg4 1-0


[Site "https://www.chess.com"]

[Event "Titled Tuesday Blitz January 10 Early 2023"]
[White "Svane, Rasmus"]
[Black "Halkias, Stelios"]
[WhiteFideId "4657101"]
[BlackFideId "4201809"]
[WhiteElo "2623"]
[BlackElo "2511"]
[Result "1/2-1/2"]
[Round "04"]
[TimeControl "180+2"]
[Date "2023.01.10"]
[WhiteClock "0:00:11"]
[BlackClock "0:00:06"]

1. Nf3 Nf6 2. g3 d5 3. Bg2 e6 4. O-O Be7 5. c4 O-O 6. b3 b6 7. d4 Bb7 8. Nc3 Nbd7 9. Bb2 c5 10. Ne1 Rc8 11. Nc2 Re8 12. cxd5 exd5 13. Rc1 Ba8 14. dxc5 Nxc5 15. Nd4 Nfe4 16. Nxe4 dxe4 17. b4 Bf6 18. Bh3 Rb8 19. Ba1 Nd3 20. exd3 Bxd4 21. dxe4 Bxa1 22. Rxa1 Bxe4 23. Qxd8 Rbxd8 24. Rfc1 h5 25. Rc7 g5 26. Rxa7 Bf3 27. Bg2 Bxg2 28. Kxg2 Rd2 29. a4 Re4 30. b5 Ree2 31. Rf1 Ra2 32. Ra6 Kg7 33. h3 g4 34. h4 Reb2 35. Rxb6 Rxa4 36. Rc1 Raa2 37. Rf1 Ra5 38. Rd6 Raxb5 39. Rd4 Rf5 1/2-1/2


[Site "https://www.chess.com"]

[Event "Titled Tuesday Blitz January 10 Early 2023"]
[White "Sanal, Vahap"]
[Black "Skvortsov, Andrei"]
[WhiteFideId "6300545"]
[BlackFideId "24108600"]
[WhiteElo "2600"]
[BlackElo "2313"]
[Result "1-0"]
[Round "04"]
[TimeControl "180+2"]
[Date "2023.01.10"]
[WhiteClock "0:00:35"]
[BlackClock "0:00:05"]

1. Nf3 e6 2. g3 b5 3. Bg2 Bb7 4. O-O Nf6 5. d3 Be7 6. e4 c5 7. a4 a6 8. Na3 b4 9. Nc4 d5 10. exd5 exd5 11. Ne3 Bc8 12. d4 c4 13. Ne5 Ra7 14. Qf3 Be6 15. Nf5 O-O 16. Nxe7+ Qxe7 17. Bg5 h6 18. Bf4 Ne4 19. Nxc4 Ng5 20. Bxg5 hxg5 21. Ne3 Rc7 22. Nxd5 Bxd5 23. Qxd5 Rd8 24. Qb3 Rxd4 25. Rae1 Qd7 26. Re5 Nc6 27. Rxg5 Nd8 28. Rd5 Rxd5 29. Bxd5 Rc5 30. Rd1 Ne6 31. Rd3 a5 32. Bxe6 Qxe6 33. Qxe6 fxe6 34. c3 Kf7 35. cxb4 axb4 36. Rd4 Rc1+ 37. Kg2 b3 38. Rd3 Ra1 39. Rxb3 Rxa4 40. Rf3+ Ke7 41. Rf4 Ra2 42. b4 Ra3 43. Rf3 Ra4 44. Rb3 Kd6 45. b5 Kc7 46. b6+ Kb7 47. Re3 Rg4 48. Rxe6 1-0


[Site "https://www.chess.com"]

[Event "Titled Tuesday Blitz January 10 Early 2023"]
[White "Indjic, Aleksandar"]
[Black "Melian, Juan Sebastian"]
[WhiteFideId "911925"]
[BlackFideId "3706575"]
[WhiteElo "2618"]
[BlackElo "2293"]
[Result "1-0"]
[Round "04"]
[TimeControl "180+2"]
[Date "2023.01.10"]
[WhiteClock "0:01:52"]
[BlackClock "0:00:08"]

1. e3 d5 2. b3 Nf6 3. Nf3 Nbd7 4. Bb2 e6 5. Rg1 Be7 6. g4 O-O 7. g5 Ne4 8. h4 c5 9. d3 Nd6 10. Nbd2 b5 11. a4 Bb7 12. axb5 Nxb5 13. c4 Nd6 14. h5 Nf5 15. Bh3 dxc4 16. bxc4 Bc6 17. Qc2 Re8 18. Qc3 Bf8 19. h6 Nb6 20. Ne4 Na4 21. Rxa4 Bxa4 22. Ne5 Qc7 23. Ng4 e5 24. hxg7 Bxg7 25. Ngf6+ Kf8 26. Bxf5 Rad8 27. Ba3 1-0


[Site "https://www.chess.com"]

[Event "Titled Tuesday Blitz January 10 Early 2023"]
[White "Ozen, Bahadir"]
[Black "Lymar, Vladislav"]
[WhiteFideId "6337058"]
[BlackFideId "14162180"]
[WhiteElo "2369"]
[BlackElo "2119"]
[Result "0-1"]
[Round "04"]
[TimeControl "180+2"]
[Date "2023.01.10"]
[WhiteClock "0:01:17"]
[BlackClock "0:01:29"]

1. g3 d5 2. Nf3 c5 3. Bg2 Nc6 4. d4 Nf6 5. O-O e6 6. c4 Be7 7. cxd5 exd5 8. dxc5 Bxc5 9. a3 Ne4 10. b4 Be7 11. Bb2 Bf6 12. Ra2 O-O 13. Nfd2 Be6 14. Nxe4 dxe4 15. Bxf6 Qxd1 16. Rxd1 Bxa2 17. Bh4 h6 18. Nc3 Bb3 19. Rb1 Be6 20. g4 Bxg4 21. Bxe4 Nd4 22. f3 Be6 23. Bxb7 Rab8 24. Ba6 Rb6 25. Bd3 Rc6 26. Ne4 Bc4 27. Bxc4 Rxc4 28. Bf2 Nxe2+ 29. Kf1 Nc3 30. Rc1 Nxe4 0-1


[Site "https://www.chess.com"]

[Event "Titled Tuesday Blitz January 10 Early 2023"]
[White "Garakov, Mikhael"]
[Black "Samadov, Read"]
[WhiteFideId "4169034"]
[BlackFideId "13417444"]
[WhiteElo "2447"]
[BlackElo "2469"]
[Result "0-1"]
[Round "04"]
[TimeControl "180+2"]
[Date "2023.01.10"]
[WhiteClock "0:00:01"]
[BlackClock "0:00:38"]

1. e4 c5 2. Nf3 d6 3. d4 cxd4 4. Nxd4 Nf6 5. Nc3 a6 6. f4 e5 7. Nf3 Nbd7 8. a4 Be7 9. Bc4 O-O 10. O-O b6 11. Qe2 Bb7 12. Rd1 b5 13. Bd5 Bxd5 14. Nxd5 Nxd5 15. exd5 Bf6 16. axb5 Qb6+ 17. Be3 Qxb5 18. Qxb5 axb5 19. c3 Rfb8 20. f5 g6 21. g4 gxf5 22. gxf5 Ra4 23. Kf2 e4 24. Nd2 Ne5 25. Rxa4 bxa4 26. Nxe4 Rxb2+ 27. Rd2 Bh4+ 28. Ke2 a3 29. Rxb2 axb2 30. Nd2 Nc4 31. Nb1 Nxe3 32. Kxe3 Kg7 33. Kd3 Kf6 34. Kc2 Kxf5 35. Kxb2 Ke4 36. c4 Kd3 37. Kb3 f5 38. Na3 f4 39. Nc2 f3 40. Ne1+ Bxe1 0-1


[Site "https://www.chess.com"]

[Event "Titled Tuesday Blitz January 10 Early 2023"]
[White "Malek, Jan"]
[Black "Praggnanandhaa R"]
[WhiteFideId "21864080"]
[BlackFideId "25059530"]
[WhiteElo "2370"]
[BlackElo "2688"]
[Result "0-1"]
[Round "04"]
[TimeControl "180+2"]
[Date "2023.01.10"]
[WhiteClock "0:00:02"]
[BlackClock "0:00:51"]

1. c4 Nf6 2. Nf3 g6 3. d4 Bg7 4. Nc3 d6 5. e4 O-O 6. g3 Nc6 7. Bg2 e5 8. d5 Nd4 9. Be3 Bg4 10. h3 Bxf3 11. Bxf3 Nd7 12. Bg2 c5 13. O-O f5 14. exf5 gxf5 15. f4 Kh8 16. Qd2 Rg8 17. Kh2 Qe7 18. Rae1 Qf7 19. b3 Qg6 20. Rg1 Nf6 21. Bxd4 cxd4 22. Nb5 Bh6 23. Bf3 e4 24. Bd1 d3 25. Nxd6 Rg7 26. Nb5 Rag8 27. Nd4 Nh5 28. Ne6 Nxg3 29. Nxg7 Bxg7 30. Qe3 Bc3 31. Qf2 Bxe1 32. Qxe1 e3 33. Qxe3 Nf1+ 0-1


[Site "https://www.chess.com"]

[Event "Titled Tuesday Blitz January 10 Early 2023"]
[White "Bachmann, Axel"]
[Black "Ashraf, Artin"]
[WhiteFideId "3700488"]
[BlackFideId "22514805"]
[WhiteElo "2604"]
[BlackElo "2314"]
[Result "1-0"]
[Round "04"]
[TimeControl "180+2"]
[Date "2023.01.10"]
[WhiteClock "0:00:35"]
[BlackClock "0:00:01"]

1. e4 c5 2. Nf3 d6 3. d4 cxd4 4. Nxd4 Nf6 5. Nc3 a6 6. f4 e5 7. Nf3 Qb6 8. Bd3 Nbd7 9. Qe2 Be7 10. Rb1 Nc5 11. Be3 Qc7 12. O-O O-O 13. Kh1 b5 14. a3 Bb7 15. Bd2 Ne6 16. fxe5 dxe5 17. Nh4 Nd4 18. Qe1 a5 19. Nf5 Nxf5 20. Rxf5 b4 21. axb4 axb4 22. Nd5 Nxd5 23. exd5 Bxd5 24. Rxe5 Be6 25. Rxe6 fxe6 26. Qxe6+ Kh8 27. Qh3 g6 28. Bxg6 Bf6 29. Bxb4 Rfb8 30. c3 Qg7 31. Be4 Ra7 32. Rf1 Re8 33. Qf5 Rf7 34. g3 Rff8 35. Bxf8 Rxf8 36. Qh5 h6 37. Qg6 Be7 38. Rxf8+ Bxf8 39. Qxg7+ Bxg7 40. Kg2 Kg8 41. Kf3 1-0


[Site "https://www.chess.com"]

[Event "Titled Tuesday Blitz January 10 Early 2023"]
[White "Howell, David W L"]
[Black "Mohamed Anees M"]
[WhiteFideId "410608"]
[BlackFideId "35065815"]
[WhiteElo "2677"]
[BlackElo "2315"]
[Result "0-1"]
[Round "04"]
[TimeControl "180+2"]
[Date "2023.01.10"]
[WhiteClock "0:00:02"]
[BlackClock "0:00:35"]

1. e4 c5 2. Nf3 Nc6 3. Bc4 e6 4. O-O d6 5. Re1 a6 6. c3 Qc7 7. d4 Nf6 8. Bf4 e5 9. dxe5 dxe5 10. Bg5 Be7 11. a4 O-O 12. Na3 Ne8 13. Nc2 Bxg5 14. Nxg5 h6 15. Nf3 Nf6 16. Ne3 Rd8 17. Qc2 Na5 18. Nd5 Nxd5 19. Bxd5 Bg4 20. Nd2 Rac8 21. Nf1 c4 22. Ne3 Bh5 23. f3 b5 24. axb5 axb5 25. Qf2 Nb3 26. Ra3 Nc5 27. Rea1 Nd3 28. Qd2 Qc5 29. b4 Qe7 30. Ra7 Qg5 31. Kh1 Qf4 32. Qe2 Rb8 33. Rf1 Qg5 34. g3 Qf6 35. Qg2 Qb6 36. Nf5 Qxa7 37. Qh3 Nf2+ 38. Rxf2 Qxf2 0-1


[Site "https://www.chess.com"]

[Event "Titled Tuesday Blitz January 10 Early 2023"]
[White "Yaksin, Oleg"]
[Black "Ivic, Velimir"]
[WhiteFideId "24105880"]
[BlackFideId "950122"]
[WhiteElo "2389"]
[BlackElo "2595"]
[Result "1/2-1/2"]
[Round "04"]
[TimeControl "180+2"]
[Date "2023.01.10"]
[WhiteClock "0:00:10"]
[BlackClock "0:00:35"]

1. d4 Nf6 2. c4 g6 3. g3 Bg7 4. Bg2 O-O 5. Nf3 d6 6. O-O Nbd7 7. Nc3 e5 8. Re1 Re8 9. e4 exd4 10. Nxd4 Nc5 11. h3 h6 12. b3 a5 13. Bb2 a4 14. b4 a3 15. Bc1 Ne6 16. Be3 Nxd4 17. Bxd4 Be6 18. Nd5 c6 19. Bb6 Qd7 20. Nc7 Bxh3 21. Nxa8 Rxa8 22. Bd4 Re8 23. Rc1 h5 24. Bc3 Bxg2 25. Kxg2 h4 26. gxh4 Qe6 27. e5 Nh5 28. exd6 Nf4+ 29. Kg1 Qh3 30. Rxe8+ Kh7 31. Qf1 Qg4+ 32. Kh2 Qxh4+ 33. Kg1 Qg4+ 34. Kh2 Qh5+ 35. Kg1 Qg5+ 36. Kh2 Qh4+ 37. Kg1 Qg4+ 38. Kh2 Qh4+ 1/2-1/2


[Site "https://www.chess.com"]

[Event "Titled Tuesday Blitz January 10 Early 2023"]
[White "Zhigalko, Sergei"]
[Black "Khripachenko, Alexander"]
[WhiteFideId "13502956"]
[BlackFideId "54184975"]
[WhiteElo "2572"]
[BlackElo "2110"]
[Result "1-0"]
[Round "04"]
[TimeControl "180+2"]
[Date "2023.01.10"]
[WhiteClock "0:00:19"]
[BlackClock "0:01:07"]

1. e4 e5 2. Nf3 Nf6 3. Nxe5 d6 4. Nf3 Nxe4 5. Nc3 Nf6 6. d4 g6 7. Bg5 Bg7 8. Qe2+ Kf8 9. O-O-O h6 10. Be3 Nc6 11. d5 Ne7 12. Kb1 a6 13. Rg1 b5 14. Bd4 Bb7 15. g4 b4 16. Ne4 Nexd5 17. Nxf6 Bxf6 18. Qd2 Bxd4 19. Nxd4 Qf6 20. Bg2 Rb8 21. Bxd5 Bxd5 22. f4 Kg7 23. Nf5+ gxf5 24. Qxd5 Rb5 25. g5 hxg5 26. Rxg5+ Qxg5 27. Qd4+ Qf6 28. Rg1+ 1-0


[Site "https://www.chess.com"]

[Event "Titled Tuesday Blitz January 10 Early 2023"]
[White "Maltsevskaya, Aleksandra"]
[Black "Pultinevicius, Paulius"]
[WhiteFideId "24174041"]
[BlackFideId "12809390"]
[WhiteElo "2390"]
[BlackElo "2537"]
[Result "0-1"]
[Round "04"]
[TimeControl "180+2"]
[Date "2023.01.10"]
[WhiteClock "0:02:13"]
[BlackClock "0:02:23"]

1. e4 c5 2. Nf3 Nc6 3. d4 cxd4 4. Nxd4 e5 5. Nb5 d6 6. N1c3 a6 7. Na3 Be7 8. Nd5 Nf6 9. Nxf6+ gxf6 10. Nc4 f5 11. exf5 d5 12. Ne3 d4 13. Ng4 h5 14. Nh6 Bb4+ 15. c3 dxc3 16. Qxd8+ Nxd8 0-1


[Site "https://www.chess.com"]

[Event "Titled Tuesday Blitz January 10 Early 2023"]
[White "Fiorito, Joaquin"]
[Black "Kukhmazov, Arsen"]
[WhiteFideId "180173"]
[BlackFideId "24108260"]
[WhiteElo "2405"]
[BlackElo "2512"]
[Result "1-0"]
[Round "04"]
[TimeControl "180+2"]
[Date "2023.01.10"]
[WhiteClock "0:00:35"]
[BlackClock "0:00:30"]

1. d4 d5 2. Nc3 c6 3. Bf4 b5 4. e3 a5 5. Nf3 Nf6 6. Ne5 e6 7. Bd3 Ba6 8. O-O b4 9. Na4 Be7 10. Bxa6 Rxa6 11. c4 Nfd7 12. Rc1 Nxe5 13. Bxe5 O-O 14. Qd3 Ra8 15. cxd5 cxd5 16. Bc7 Qe8 17. b3 Nc6 18. Kh1 Qd7 19. Bg3 Qb7 20. Rc2 Rfc8 21. Rfc1 g6 22. h3 Bf8 23. Kg1 Na7 24. Rc7 Rxc7 25. Rxc7 Qb5 26. Qc2 Qa6 27. Nc5 Bxc5 28. Qxc5 a4 29. Qe7 Rf8 30. Bd6 1-0


[Site "https://www.chess.com"]

[Event "Titled Tuesday Blitz January 10 Early 2023"]
[White "Ginzburg, Yakov"]
[Black "Stribuk, Artiom"]
[WhiteFideId "4157176"]
[BlackFideId "13515659"]
[WhiteElo "2405"]
[BlackElo "2378"]
[Result "0-1"]
[Round "04"]
[TimeControl "180+2"]
[Date "2023.01.10"]
[WhiteClock "0:00:03"]
[BlackClock "0:00:57"]

1. d4 Nf6 2. Nf3 g6 3. g3 Bg7 4. Bg2 O-O 5. O-O d5 6. c4 c6 7. Nc3 dxc4 8. Ne5 Ng4 9. f4 Na6 10. e3 Nxe5 11. fxe5 Be6 12. e4 Nb4 13. d5 Bd7 14. Bf4 Nd3 15. Qe2 Nxe5 16. Bxe5 Bxe5 17. Qxc4 Qb6+ 18. Kh1 Qxb2 19. Na4 Qb5 20. Qxb5 cxb5 21. Nc5 Bxa1 22. Nxd7 Rfd8 23. Nc5 b6 24. Na6 Be5 25. Nb4 Rac8 26. Nc6 Rxc6 27. dxc6 Rd2 28. Rc1 Bc7 29. e5 Bxe5 30. Be4 Bc7 31. a3 Kf8 32. Rb1 a6 33. Rc1 f5 34. Bf3 e5 35. g4 e4 36. Bg2 Ke7 37. gxf5 gxf5 38. Kg1 Kd6 39. h4 Ke5 40. Bh3 f4 41. Re1 f3 42. Bg4 Kf4 43. Bh5 e3 44. Rf1 Rg2+ 45. Kh1 Rg3 0-1


[Site "https://www.chess.com"]

[Event "Titled Tuesday Blitz January 10 Early 2023"]
[White "Manelyuk, Daniil"]
[Black "Harsha Bharathakoti"]
[WhiteFideId "44173920"]
[BlackFideId "5078776"]
[WhiteElo "2302"]
[BlackElo "2602"]
[Result "0-1"]
[Round "04"]
[TimeControl "180+2"]
[Date "2023.01.10"]
[WhiteClock "0:00:06"]
[BlackClock "0:00:55"]

1. e4 c5 2. Nf3 d6 3. d4 cxd4 4. Nxd4 Nf6 5. Nc3 Nc6 6. f3 e5 7. Nb3 Be7 8. Be3 O-O 9. Qd2 a5 10. a4 Be6 11. Bb5 Nb4 12. O-O Rc8 13. Rfd1 d5 14. exd5 Nfxd5 15. Nxd5 Qxd5 16. Qe2 Rxc2 17. Rxd5 Rxe2 18. Rxe5 Rxb2 19. Nxa5 Nc2 20. Rc1 Nxe3 21. Rxe3 Bg5 22. Rec3 Bxc1 23. Rxc1 b6 24. Nc6 g6 25. Nd4 Bd5 26. h3 Rd8 27. Kh2 Ba8 28. Ne2 Kg7 29. Rc7 Rdd2 30. Nf4 Bxf3 31. Bc4 Rxg2+ 32. Nxg2 Rxg2+ 33. Kh1 Rc2+ 34. Kg1 Bd5 0-1


[Site "https://www.chess.com"]

[Event "Titled Tuesday Blitz January 10 Early 2023"]
[White "Le Ruyet, Leopold"]
[Black "Neiksans, Arturs"]
[WhiteFideId "645923"]
[BlackFideId "11601388"]
[WhiteElo "2245"]
[BlackElo "2615"]
[Result "0-1"]
[Round "04"]
[TimeControl "180+2"]
[Date "2023.01.10"]
[WhiteClock "0:00:32"]
[BlackClock "0:00:37"]

1. c4 e5 2. Nc3 Nf6 3. Nf3 Nc6 4. e4 Bc5 5. Nxe5 Nxe5 6. d4 Bb4 7. dxe5 Nxe4 8. Qd4 Nxc3 9. bxc3 Be7 10. Bd3 d6 11. exd6 Qxd6 12. Bf4 Qe6+ 13. Kf1 O-O 14. Re1 Bf6 15. Rxe6 Bxd4 16. Re7 Bxc3 17. Bxc7 Be6 18. Ke2 Bb4 19. Rxe6 fxe6 20. Rb1 Bc5 21. f3 Rac8 22. Be5 Rf7 23. Be4 b6 24. h4 Rd7 25. h5 Rcd8 26. Rb2 Bd4 27. Bxd4 Rxd4 28. Rc2 h6 29. Ke3 Rd1 30. Kf4 Rc8 31. Ke5 Kf7 32. f4 Rc5+ 0-1


[Site "https://www.chess.com"]

[Event "Titled Tuesday Blitz January 10 Early 2023"]
[White "Arngrimsson, Dagur"]
[Black "Urazayev, Arystanbek"]
[WhiteFideId "2301288"]
[BlackFideId "13709810"]
[WhiteElo "2370"]
[BlackElo "2460"]
[Result "0-1"]
[Round "04"]
[TimeControl "180+2"]
[Date "2023.01.10"]
[WhiteClock "0:00:03"]
[BlackClock "0:01:01"]

1. e4 e6 2. b3 d5 3. Bb2 Nf6 4. Nc3 c5 5. exd5 exd5 6. Bb5+ Bd7 7. Qe2+ Be7 8. Nf3 O-O 9. Bxd7 Nbxd7 10. O-O Re8 11. d4 Bd6 12. Qd3 Rc8 13. Rfe1 Rxe1+ 14. Rxe1 c4 15. Qf5 Bb4 16. Re3 Bxc3 17. Bxc3 g6 18. Qg5 Nf8 19. bxc4 Ne6 20. Qh4 Rxc4 21. Ne5 Rc8 22. h3 Ne4 23. Qxd8+ Nxd8 24. Bb4 Rxc2 25. f3 Ng3 26. Nd7 Ne6 27. Nf6+ Kg7 28. Nxd5 Rxa2 29. Bd6 Nf5 30. Be5+ f6 31. Bxf6+ Kf7 32. Rb3 b6 33. Be5 Nexd4 34. Rd3 Ne2+ 35. Kh2 h5 36. Bb8 h4 37. Ne3 Nfg3 38. Rd7+ Ke6 39. Rxa7 Rb2 40. Bxg3 hxg3+ 41. Kh1 Rb1+ 0-1


[Site "https://www.chess.com"]